 Dungeon Crawl Stone Soup version 0.31.0-11-ge490571c62 (webtiles) character file.

Game seed: 17804828109254131589

12 Ashen the Sneak (level 2, 0/13 HPs)
             Began as a Spriggan Conjurer on Jan 26, 2024.
             Slain by a goblin
             ... wielding a +0 dagger
              (2 damage)
             ... on level 1 of the Dungeon.
             The game lasted 00:01:11 (325 turns).

Ashen the Sneak (Spriggan Conjurer)                  Turns: 325, Time: 00:01:11

Health: 0/13       AC:  2    Str:  3    XL:     2   Next: 20%
Magic:  2/7        EV: 17    Int: 19    God:
Gold:   5          SH:  0    Dex: 13    Spells: 6/7 levels left

rFire   . . .        (weapon restricted)
rCold   . . .        (no shield)
rNeg    . . .        a - +0 robe
rPois   .            (helmet restricted)
rElec   .            (no cloak)
rCorr   .            (gloves unavailable)
SInv    +            (boots unavailable)
Will    .....        (no amulet)
Stlth   ++           (no ring)
HPRegen 0.22/turn    (no ring)
MPRegen 0.10/turn

%: no passive effects
@: very quick
A: very small, no large weapons, unfitting armour, see invisible, speed 3
a: no special abilities


You were on level 1 of the Dungeon.
You visited 1 branch of the dungeon, and saw 1 of its levels.

You collected 5 gold pieces.

Inventory:

Armour
 a - a +0 robe (worn)
Scrolls
 c - a scroll of identify {unknown}
 d - a scroll of enchant armour {unknown}
Potions
 b - a potion of magic


   Skills:
 + Level 3.0 Dodging
 + Level 3.4 Stealth
 + Level 3.0 Spellcasting
 + Level 3.0 Conjurations


You had 6 spell levels left.
You knew the following spells:

 Your Spells              Type           Power      Damage    Failure   Level
a - Magic Dart            Conj           56%        1d5       4%          1

Your spell library contained the following spells:

 Spells                   Type           Power      Damage    Failure   Level
 Searing Ray              Conj           28%        2d5       6%          2
 Fulminant Prism          Conj/Alch      4%         3d5       63%         4
 Iskenderun's Mystic Bla  Conj/Tloc      8%         2d4       63%         4


Dungeon Overview and Level Annotations

Branches:
Dungeon (1/15)

Altars:


Innate Abilities, Weirdness & Mutations

You are very small and have problems with some larger weapons.
You are too small for most types of armour.
You have supernaturally acute eyesight. (SInv)
You cover ground extremely quickly. (Speed+++)


Message History

You are too injured to fight recklessly!
You are too injured to fight recklessly!
You barely miss the bat. The bat barely misses you.
The endoplasm closely misses you.
You closely miss the goblin. The endoplasm freezes you.
You are frozen.
* * * LOW HITPOINT WARNING * * *
The goblin misses you.
You hit the goblin.
The goblin is heavily wounded.
The endoplasm barely misses you. The goblin hits you but does no damage.
You barely miss the goblin.
The goblin is heavily wounded.
The endoplasm closely misses you. The goblin barely misses you.
You hit the goblin.
The goblin is severely wounded.
The goblin barely misses you. The endoplasm closely misses you.
You barely miss the goblin.
The goblin is heavily wounded.
The endoplasm hits you but does no damage.
A rat comes into view.
The goblin misses you.
You barely miss the goblin.
The goblin is heavily wounded.
The endoplasm closely misses you. The goblin hits you with a +0 dagger.
* * * LOW HITPOINT WARNING * * *
You barely miss the goblin.
The goblin is heavily wounded.
The goblin misses you.
The endoplasm hits you but does no damage.
You barely miss the goblin.
The goblin is heavily wounded.
The endoplasm closely misses you. The goblin misses you.
You miss the goblin.
The goblin is heavily wounded.
The endoplasm hits you.
* * * LOW HITPOINT WARNING * * *
The goblin hits you with a +0 dagger.
You die...

..........#
⌠...⌠...#####.....
..8....###.......#
⌠.[.⌠.## #.......#
.....## #........
##'#######......)#
........##......b#
#.#.##.###....wJg#
#.#†##.#########@#
#................#
#####..........###
#####...##.....#
........##.....#
######..##.......
#...##....#.#
######.#.##....#.#
#....#.#..######.#


You could see a dart slug, an endoplasm, a goblin and a bat.

Vanquished Creatures
  A dart slug (D:1)
  2 ball pythons (D:1)
  2 giant cockroaches (D:1)
  A goblin (D:1)
  A hobgoblin (D:1)
  A bat (D:1)
  A rat (D:1)
9 creatures vanquished.

Notes
Turn   | Place    | Note
-------+----------+-------------------------------------------
     0 | D:1      | Ashen the Spriggan Conjurer began the quest for the Orb.
     0 | D:1      | Reached XP level 1. HP: 9/9 MP: 5/5
   232 | D:1      | Reached XP level 2. HP: 13/13 MP: 3/6
   325 | D:1      | Slain by a goblin

Illustrated notes

Levels and vault maps discovered:
D:1:      ncdulo_halloftheorcs, layout_basic, serial_bayou_pond_b

Skill      XL: |  1  2 |
---------------+-------+-----
Conjurations   | 3 |  3.0
Dodging        | 3 |  3.0
Spellcasting   | 3 |  3.0
Stealth        | |  3.4

Action                     || total
---------------------------++-------
  Melee: Unarmed           ||    42
         Punch             ||     1
   Cast: Magic Dart        ||    27
 Armour: Robe              ||    16
  Dodge: Dodged            ||    42
